Map: Simulacrum LE

Players

Crag - Winner!

  • Race: Terran Terran
  • League: Diamond
  • Spawn Location: 5:00

VOD

Have the link to the VOD?

Description

Time

  • Played on: May 1, 2020, 1:30 p.m.
  • Length: 6:55
Show
View Real Time Build Order
Export as new Build Order

Crag Terran - Winner!

Build Orders:  

Get SALT Encoding   

  12  0:03  SCV  
  13  0:20  SCV  
  13  0:24  Supply Depot  
  14  0:38  SCV  
  15  0:41  Refinery  
  15  0:54  SCV  
  16  1:04  Barracks  
  16  1:11  SCV  
  17  1:24  Refinery  
  17  1:28  SCV  
  18  1:45  SCV  
  19  2:02  SCV  
  20  2:12  Factory  
  20  2:16  Barracks Reactor  
  20  2:22  Orbital Command  
  20  2:32  Supply Depot  
  20  2:59  SCV  
  21  3:19  Starport  
  21  3:22  Hellion  
  21  3:23  Hellion  
  25  3:36  SCV  
  26  3:46  Supply Depot, Barracks Tech Lab  
  26  3:55  Hellion  
  26  3:56  Hellion  
  30  4:06  SCV  
  31  4:19  Supply Depot  
  31  4:23  SCV  
  31  4:25  Hellion  
  31  4:26  Hellion  
  36  4:32  Banshee  
  39  4:43  Cloaking Field  
  39  4:55  Hellion  
  39  4:59  Hellion  
  43  5:14  Barracks Tech Lab  
  39  5:22  Supply Depot  
  39  5:32  Banshee  
  39  5:36  Hellion x2  
  44  6:02  Marauder  
  44  6:06  Hellion  
  47  6:11  Supply Depot  
  47  6:14  Hellion  
  48  6:36  SCV  
Tags
 
Add a new tag
Caveats
  • Supply blocks, unpowered buildings, or Contaminate may cause inaccurate times.
  • Supply counts are checked every 10 seconds.